[ AOE2 MATCH · #470426580 ]
Team RMBritons vs Wei
[ REPLAY ANALYSIS · EXTRACTED FROM THE RECORDED GAME ]
Feudal
10:32
Castle
14:20
Imperial
36:20
| APM avg | 36.7 |
| APM peak | 92 |
| eAPM avg | 18.2 |
| Villagers / military | 158 / 109 |
Focus
⚔️ 22.0% · 🌾 78.0%
Longbowman ×102 · Battering Ram ×4 · Trebuchet (Packed) ×3
Feudal
10:06
Castle
14:11
Imperial
28:33
| APM avg | 34.8 |
| APM peak | 89 |
| eAPM avg | 26.5 |
| Villagers / military | 148 / 127 |
Focus
⚔️ 22.5% · 🌾 77.5%
War Elephant ×125 · Monk ×2
Feudal
11:46
Castle
18:26
Imperial
—
| APM avg | 14.9 |
| APM peak | 40 |
| eAPM avg | 11.1 |
| Villagers / military | 113 / 93 |
Focus
⚔️ 20.5% · 🌾 79.5%
Spearman ×54 · Cataphract ×30 · Militia ×3 · Battering Ram ×3 · Scout Cavalry ×3
Feudal
11:21
Castle
14:53
Imperial
27:46
| APM avg | 36.0 |
| APM peak | 89 |
| eAPM avg | 22.6 |
| Villagers / military | 167 / 182 |
Focus
⚔️ 26.4% · 🌾 73.6%
Spearman ×101 · Knight ×74 · Bombard Cannon ×7
Feudal
10:11
Castle
16:11
Imperial
34:02
| APM avg | 37.1 |
| APM peak | 98 |
| eAPM avg | 16.2 |
| Villagers / military | 153 / 145 |
Focus
⚔️ 25.2% · 🌾 74.8%
Scout Cavalry ×120 · Scorpion ×18 · Monk ×3 · Mangonel ×3 · Knight ×1
Feudal
13:05
Castle
18:34
Imperial
—
| APM avg | 33.6 |
| APM peak | 86 |
| eAPM avg | 20.1 |
| Villagers / military | 114 / 64 |
Focus
⚔️ 21.4% · 🌾 78.6%
Spearman ×21 · Monk ×15 · Militia ×13 · Skirmisher ×9 · Battering Ram ×4 · Mangonel ×2
Feudal
11:48
Castle
15:43
Imperial
34:51
| APM avg | 20.0 |
| APM peak | 37 |
| eAPM avg | 13.8 |
| Villagers / military | 115 / 119 |
Focus
⚔️ 29.5% · 🌾 70.5%
Berserk ×109 · Spearman ×9 · Unknown (1105) ×2 · Mangonel ×1
Feudal
12:16
Castle
16:43
Imperial
33:05
| APM avg | 19.2 |
| APM peak | 41 |
| eAPM avg | 14.0 |
| Villagers / military | 143 / 193 |
Focus
⚔️ 24.7% · 🌾 75.3%
Spearman ×193 · Unknown (1949) ×21
Match map
Initial resources + every placement click. Lines = walls · curves = elevation contours. ◆ gold · ⬟ stone · ● berries · ✦ relic · ◌ wall gap
Your base· ✓ Closed at 14:20 · 0t walls · 3 gate(s)
KIO's base· ✓ Closed at 14:11 · 0t walls · 2 gate(s)
ChristisKing's base· ✓ Closed at 18:26 · 0t walls · 3 gate(s)
Krups23's base· ✓ Closed at 14:53 · 0t walls · 3 gate(s)
Geber-EL's base· ✓ Closed at 16:11 · 0t walls · 2 gate(s)
EL SEÑOR PONY's base· ✓ Closed at 18:34 · 0t walls · 2 gate(s)
BúffaloTincho's base· ✓ Closed at 15:43 · 0t walls · 2 gate(s)
來一杯玫瑰舒暢's base· ✓ Closed at 16:43 · 0t walls · 3 gate(s)
Smoothed initial terrain · ◌ = detected wall gap · hover for details
Inputs per minute
— yougetcs - - KIO
Build order — yougetcs
First 150 of 369 actions detected
| 0:00 | Create | Villager (Male) |
| 0:01 | Create | Villager (Male) |
| 0:01 | Create | Villager (Male) |
| 0:01 | Create | Villager (Male) |
| 0:02 | Create | Villager (Male) |
| 0:03 | Build | House |
| 0:04 | Build | House |
| 1:43 | Create | Villager (Male) |
| 1:43 | Create | Villager (Male) |
| 2:06 | Create | Villager (Male) |
| 2:06 | Create | Villager (Male) |
| 2:06 | Create | Villager (Male) |
| 2:25 | Create | Villager (Male) |
| 2:25 | Create | Villager (Male) |
| 2:33 | Create | Villager (Male) |
| 2:33 | Create | Villager (Male) |
| 2:40 | Build | Lumber Camp |
| 3:23 | Create | Villager (Male) |
| 3:23 | Create | Villager (Male) |
| 3:23 | Create | Villager (Male) |
| 3:27 | Build | House |
| 4:02 | Create | Villager (Male) |
| 4:03 | Create | Villager (Male) |
| 4:03 | Create | Villager (Male) |
| 4:49 | Build | Mill |
| 4:51 | Create | Villager (Male) |
| 4:51 | Create | Villager (Male) |
| 5:19 | Create | Villager (Male) |
| 5:19 | Create | Villager (Male) |
| 5:19 | Create | Villager (Male) |
| 5:20 | Create | Villager (Male) |
| 5:53 | Create | Villager (Male) |
| 5:53 | Create | Villager (Male) |
| 6:02 | Build | Mining Camp |
| 6:23 | Create | Villager (Male) |
| 6:42 | Build | House |
| 7:41 | Research | Feudal Age |
| 7:41 | Research | Feudal Age |
| 7:51 | Research | Loom |
| 8:23 | Build | Mill |
| 10:04 | Build | Mining Camp |
| 10:32 | Age | Feudal Age |
| 10:35 | Build | Market |
| 10:56 | Build | Blacksmith |
| 11:40 | Research | Castle Age |
| 11:40 | Research | Castle Age |
| 12:23 | Build | House |
| 12:24 | Build | House |
| 12:46 | Research | Horse Collar |
| 12:49 | Research | Double-Bit Axe |
| 12:50 | Research | Double-Bit Axe |
| 14:15 | Create | Villager (Male) |
| 14:16 | Create | Villager (Male) |
| 14:20 | Age | Castle Age |
| 14:25 | Build | Town Center |
| 14:28 | Create | Villager (Male) |
| 15:10 | Create | Villager (Male) |
| 15:17 | Build | Farm |
| 15:34 | Create | Villager (Male) |
| 15:35 | Create | Villager (Male) |
| 15:46 | Build | Castle |
| 15:52 | Build | Farm |
| 15:53 | Build | Farm |
| 16:02 | Create | Villager (Male) |
| 16:33 | Build | Farm |
| 16:34 | Build | Farm |
| 16:36 | Build | Farm |
| 16:40 | Create | Villager (Male) |
| 16:45 | Create | Villager (Male) |
| 16:45 | Create | Villager (Male) |
| 17:00 | Create | Longbowman |
| 17:00 | Create | Longbowman |
| 17:00 | Create | Longbowman |
| 17:07 | Build | House |
| 17:18 | Build | Farm |
| 17:35 | Create | Longbowman |
| 17:36 | Create | Longbowman |
| 17:36 | Create | Longbowman |
| 17:41 | Build | House |
| 17:59 | Create | Longbowman |
| 17:59 | Create | Longbowman |
| 18:00 | Create | Longbowman |
| 18:03 | Create | Villager (Male) |
| 18:03 | Create | Villager (Male) |
| 18:06 | Create | Villager (Male) |
| 18:06 | Create | Villager (Male) |
| 18:08 | Create | Villager (Male) |
| 18:08 | Create | Villager (Male) |
| 18:11 | Build | Farm |
| 18:37 | Create | Longbowman |
| 18:37 | Create | Longbowman |
| 18:40 | Build | House |
| 18:44 | Create | Villager (Male) |
| 18:45 | Create | Villager (Male) |
| 18:51 | Create | Villager (Male) |
| 18:51 | Create | Villager (Male) |
| 18:59 | Build | Farm |
| 19:02 | Build | Farm |
| 19:20 | Build | Farm |
| 19:22 | Create | Villager (Male) |
| 19:33 | Create | Longbowman |
| 19:33 | Create | Longbowman |
| 19:41 | Build | Farm |
| 19:43 | Create | Villager (Male) |
| 19:43 | Create | Villager (Male) |
| 19:44 | Create | Villager (Male) |
| 19:55 | Build | House |
| 19:59 | Build | Farm |
| 20:02 | Create | Villager (Male) |
| 20:02 | Create | Villager (Male) |
| 20:23 | Create | Villager (Male) |
| 20:24 | Create | Villager (Male) |
| 20:29 | Create | Villager (Male) |
| 20:30 | Create | Villager (Male) |
| 20:32 | Create | Longbowman |
| 20:32 | Create | Longbowman |
| 20:49 | Create | Villager (Male) |
| 20:49 | Create | Villager (Male) |
| 20:51 | Create | Villager (Male) |
| 20:52 | Create | Villager (Male) |
| 20:59 | Build | Farm |
| 21:01 | Build | Farm |
| 21:03 | Build | Farm |
| 21:04 | Build | Farm |
| 21:27 | Build | Castle |
| 21:30 | Create | Longbowman |
| 21:30 | Create | Longbowman |
| 21:34 | Create | Villager (Male) |
| 21:34 | Create | Villager (Male) |
| 21:35 | Create | Villager (Male) |
| 21:35 | Create | Villager (Male) |
| 21:44 | Create | Villager (Male) |
| 21:44 | Create | Villager (Male) |
| 21:50 | Build | Farm |
| 21:55 | Create | Villager (Male) |
| 21:59 | Create | Longbowman |
| 21:59 | Create | Longbowman |
| 22:00 | Create | Longbowman |
| 22:01 | Create | Longbowman |
| 22:22 | Research | Fletching |
| 22:22 | Research | Fletching |
| 22:29 | Build | House |
| 22:30 | Build | House |
| 22:32 | Create | Villager (Male) |
| 22:32 | Create | Villager (Male) |
| 22:33 | Create | Villager (Male) |
| 23:19 | Build | Siege Workshop |
| 23:25 | Create | Villager (Male) |
| 23:25 | Create | Villager (Male) |
| 23:25 | Create | Villager (Male) |
Build order — KIO
First 150 of 431 actions detected
| 0:01 | Create | Villager (Male) |
| 0:01 | Create | Villager (Male) |
| 0:01 | Create | Villager (Male) |
| 0:02 | Build | House |
| 0:04 | Build | House |
| 0:53 | Create | Villager (Male) |
| 0:54 | Create | Villager (Male) |
| 0:54 | Create | Villager (Male) |
| 2:03 | Create | Villager (Male) |
| 2:06 | Build | Lumber Camp |
| 2:29 | Create | Villager (Male) |
| 2:29 | Create | Villager (Male) |
| 2:29 | Create | Villager (Male) |
| 2:36 | Build | House |
| 2:38 | Build | House |
| 3:13 | Create | Villager (Male) |
| 3:13 | Create | Villager (Male) |
| 3:33 | Create | Villager (Male) |
| 3:43 | Build | House |
| 3:58 | Create | Villager (Male) |
| 4:31 | Create | Villager (Male) |
| 4:31 | Create | Villager (Male) |
| 4:34 | Build | Mill |
| 5:35 | Create | Villager (Male) |
| 5:35 | Create | Villager (Male) |
| 5:35 | Create | Villager (Male) |
| 5:36 | Create | Villager (Male) |
| 5:51 | Build | Mill |
| 5:59 | Create | Villager (Male) |
| 6:21 | Create | Villager (Male) |
| 7:36 | Create | Villager (Male) |
| 7:52 | Research | Feudal Age |
| 8:13 | Build | Mining Camp |
| 9:23 | Build | House |
| 9:51 | Create | Villager (Male) |
| 10:06 | Age | Feudal Age |
| 10:08 | Build | Market |
| 10:19 | Build | Blacksmith |
| 10:27 | Create | Villager (Male) |
| 10:47 | Create | Villager (Male) |
| 11:14 | Create | Villager (Male) |
| 11:45 | Research | Castle Age |
| 11:46 | Research | Castle Age |
| 12:30 | Research | Double-Bit Axe |
| 12:30 | Research | Double-Bit Axe |
| 12:40 | Build | Farm |
| 12:41 | Build | Farm |
| 12:42 | Build | Farm |
| 12:45 | Research | Horse Collar |
| 12:55 | Build | Lumber Camp |
| 13:14 | Build | Farm |
| 13:51 | Create | Villager (Male) |
| 14:11 | Age | Castle Age |
| 14:19 | Build | Town Center |
| 14:29 | Create | Villager (Male) |
| 14:52 | Build | Town Center |
| 14:54 | Create | Villager (Male) |
| 14:59 | Create | Villager (Male) |
| 15:07 | Create | Villager (Male) |
| 15:08 | Create | Villager (Male) |
| 15:22 | Build | Farm |
| 15:27 | Create | Villager (Male) |
| 15:34 | Build | Farm |
| 15:50 | Create | Villager (Male) |
| 15:50 | Create | Villager (Male) |
| 15:50 | Create | Villager (Male) |
| 15:55 | Build | Farm |
| 16:05 | Build | Farm |
| 16:07 | Build | Farm |
| 16:10 | Build | Farm |
| 16:15 | Create | Villager (Male) |
| 16:15 | Create | Villager (Male) |
| 16:21 | Create | Villager (Male) |
| 16:24 | Build | Farm |
| 16:28 | Build | Farm |
| 16:41 | Build | Monastery |
| 16:47 | Build | House |
| 16:49 | Create | Villager (Male) |
| 16:49 | Create | Villager (Male) |
| 16:56 | Build | Farm |
| 16:59 | Build | Farm |
| 17:06 | Create | Villager (Male) |
| 17:06 | Create | Villager (Male) |
| 17:12 | Create | Villager (Male) |
| 17:12 | Create | Villager (Male) |
| 17:16 | Build | Farm |
| 17:29 | Build | House |
| 17:30 | Build | House |
| 17:33 | Build | Farm |
| 17:38 | Create | Monk |
| 17:39 | Create | Monk |
| 17:42 | Create | Villager (Male) |
| 17:42 | Create | Villager (Male) |
| 17:49 | Build | Farm |
| 17:50 | Create | Villager (Male) |
| 17:50 | Create | Villager (Male) |
| 17:55 | Create | Villager (Male) |
| 17:56 | Create | Villager (Male) |
| 17:57 | Create | Villager (Male) |
| 17:57 | Create | Villager (Male) |
| 18:03 | Build | House |
| 18:04 | Build | House |
| 18:17 | Build | Farm |
| 18:19 | Build | Farm |
| 18:26 | Create | Villager (Male) |
| 18:26 | Create | Villager (Male) |
| 18:27 | Create | Villager (Male) |
| 18:28 | Create | Villager (Male) |
| 18:28 | Create | Villager (Male) |
| 18:51 | Create | Villager (Male) |
| 18:51 | Create | Villager (Male) |
| 18:54 | Build | Farm |
| 18:56 | Build | Farm |
| 18:58 | Create | Villager (Male) |
| 19:00 | Build | Farm |
| 19:02 | Create | Villager (Male) |
| 19:03 | Create | Villager (Male) |
| 19:03 | Create | Villager (Male) |
| 19:09 | Build | University |
| 19:13 | Build | Farm |
| 19:21 | Build | House |
| 19:22 | Build | House |
| 19:23 | Build | House |
| 19:24 | Build | House |
| 19:26 | Build | House |
| 19:27 | Build | House |
| 19:30 | Create | Villager (Male) |
| 19:30 | Create | Villager (Male) |
| 19:35 | Build | Farm |
| 19:38 | Build | Farm |
| 19:40 | Build | Farm |
| 19:41 | Create | Villager (Male) |
| 19:41 | Create | Villager (Male) |
| 19:42 | Create | Villager (Male) |
| 19:45 | Build | Farm |
| 19:51 | Create | Villager (Male) |
| 19:51 | Create | Villager (Male) |
| 19:54 | Build | Farm |
| 20:06 | Research | Wheelbarrow |
| 20:11 | Build | Farm |
| 20:13 | Build | Farm |
| 20:20 | Create | Villager (Male) |
| 20:20 | Create | Villager (Male) |
| 20:24 | Build | Farm |
| 20:32 | Research | Bow Saw |
| 20:32 | Research | Bow Saw |
| 20:36 | Build | Farm |
| 20:44 | Build | Farm |
| 20:45 | Create | Villager (Male) |
| 20:45 | Create | Villager (Male) |
Build order — ChristisKing
First 150 of 265 actions detected
| 0:04 | Build | House |
| 0:07 | Create | Villager (Male) ×4 |
| 0:45 | Build | House |
| 0:46 | Build | House |
| 0:47 | Build | House |
| 1:51 | Create | Villager (Male) |
| 1:52 | Create | Villager (Male) |
| 2:35 | Create | Villager (Male) |
| 2:54 | Create | Villager (Male) |
| 2:54 | Create | Villager (Male) |
| 2:54 | Create | Villager (Male) |
| 3:02 | Build | Lumber Camp |
| 3:30 | Create | Villager (Male) |
| 3:30 | Create | Villager (Male) |
| 3:31 | Create | Villager (Male) |
| 3:58 | Create | Villager (Male) |
| 4:20 | Create | Villager (Male) |
| 4:20 | Create | Villager (Male) |
| 5:18 | Create | Villager (Male) |
| 5:54 | Build | Mill |
| 6:06 | Create | Villager (Male) |
| 6:06 | Create | Villager (Male) |
| 6:06 | Create | Villager (Male) |
| 6:07 | Create | Villager (Male) |
| 6:47 | Create | Villager (Male) |
| 7:16 | Build | Mill |
| 8:29 | Create | Villager (Male) |
| 8:54 | Build | Farm |
| 8:54 | Build | Farm |
| 9:00 | Create | Villager (Male) |
| 9:36 | Research | Feudal Age |
| 9:44 | Build | Farm |
| 9:44 | Build | Farm |
| 10:26 | Build | Mining Camp |
| 11:46 | Age | Feudal Age |
| 11:47 | Research | Double-Bit Axe |
| 11:49 | Research | Horse Collar |
| 12:09 | Create | Villager (Male) |
| 12:14 | Create | Villager (Male) |
| 12:20 | Build | House |
| 12:21 | Build | House |
| 12:30 | Create | Villager (Male) |
| 12:41 | Build | Farm |
| 12:43 | Create | Villager (Male) |
| 12:56 | Research | Stone Mining |
| 13:05 | Build | Farm |
| 13:22 | Build | Farm |
| 13:29 | Build | Farm |
| 13:43 | Build | Blacksmith |
| 13:55 | Build | Market |
| 14:09 | Build | Farm |
| 14:25 | Create | Villager (Male) |
| 15:37 | Build | Barracks |
| 15:46 | Research | Castle Age |
| 16:15 | Research | Loom |
| 17:24 | Build | Farm |
| 17:34 | Create | Villager (Male) |
| 17:35 | Create | Villager (Male) |
| 17:35 | Create | Villager (Male) |
| 17:36 | Create | Villager (Male) |
| 17:37 | Research | Wheelbarrow |
| 18:26 | Age | Castle Age |
| 18:35 | Build | Castle |
| 19:22 | Build | Stable |
| 19:51 | Research | Man-at-Arms (upgrade) |
| 19:56 | Create | Militia ×3 |
| 20:02 | Create | Scout Cavalry |
| 20:03 | Create | Scout Cavalry |
| 20:03 | Create | Scout Cavalry |
| 20:25 | Build | Mining Camp |
| 20:29 | Build | Mining Camp |
| 20:32 | Create | Villager (Male) ×5 |
| 20:54 | Create | Cataphract |
| 20:55 | Create | Cataphract |
| 21:36 | Create | Villager (Male) |
| 21:37 | Create | Villager (Male) |
| 21:37 | Create | Villager (Male) |
| 22:17 | Build | Farm |
| 22:20 | Create | Villager (Male) |
| 22:21 | Create | Villager (Male) |
| 22:41 | Create | Villager (Male) |
| 23:00 | Build | Siege Workshop |
| 23:16 | Create | Villager (Male) |
| 23:18 | Research | Fletching |
| 23:19 | Research | Forging |
| 23:19 | Research | Scale Mail Armor |
| 23:26 | Research | Scale Barding Armor |
| 23:28 | Build | Farm |
| 23:30 | Build | Farm |
| 24:11 | Create | Battering Ram |
| 24:24 | Create | Cataphract |
| 24:26 | Create | Cataphract |
| 24:42 | Create | Villager (Male) |
| 25:03 | Build | Town Center |
| 25:10 | Create | Villager (Male) ×5 |
| 25:23 | Create | Cataphract |
| 25:47 | Create | Battering Ram |
| 26:30 | Build | Lumber Camp |
| 27:30 | Create | Cataphract |
| 27:30 | Create | Cataphract |
| 27:43 | Create | Cataphract |
| 28:16 | Create | Battering Ram |
| 28:17 | Create | Villager (Male) |
| 28:18 | Create | Villager (Male) ×5 |
| 28:26 | Build | Town Center |
| 28:33 | Build | Town Center |
| 29:01 | Create | Villager (Male) ×5 |
| 29:05 | Build | Farm |
| 29:09 | Build | Farm |
| 29:10 | Build | Farm |
| 29:10 | Build | Farm |
| 29:23 | Create | Cataphract |
| 29:49 | Create | Cataphract |
| 29:54 | Build | Farm |
| 30:02 | Build | Lumber Camp |
| 30:06 | Build | Farm |
| 30:07 | Create | Villager (Male) ×2 |
| 30:32 | Create | Cataphract |
| 30:40 | Create | Spearman ×4 |
| 31:12 | Create | Cataphract |
| 31:14 | Create | Villager (Male) ×2 |
| 31:20 | Build | Farm |
| 31:20 | Build | Farm |
| 31:21 | Build | Farm |
| 31:21 | Build | Farm |
| 31:21 | Build | Farm |
| 31:27 | Build | Farm |
| 31:27 | Build | Farm |
| 31:28 | Build | Farm |
| 31:28 | Build | Farm |
| 31:28 | Build | Farm |
| 31:33 | Research | Heavy Plow |
| 31:51 | Create | Spearman ×5 |
| 31:58 | Research | Pikeman (upgrade) |
| 32:08 | Build | Barracks |
| 32:10 | Build | Barracks |
| 32:13 | Create | Villager (Male) ×2 |
| 32:34 | Create | Cataphract |
| 32:34 | Create | Cataphract |
| 32:49 | Build | Farm |
| 32:49 | Build | Farm |
| 32:49 | Build | Farm |
| 32:50 | Build | Farm |
| 33:08 | Create | Spearman ×5 |
| 33:15 | Build | House |
| 33:17 | Build | House |
| 33:18 | Build | House |
| 33:19 | Build | House |
| 33:20 | Build | House |
| 33:21 | Build | House |
Build order — Krups23
First 150 of 452 actions detected
| 0:01 | Create | Villager (Male) |
| 0:02 | Create | Villager (Male) |
| 0:03 | Build | House |
| 0:05 | Build | House |
| 0:20 | Create | Villager (Male) |
| 0:20 | Create | Villager (Male) |
| 0:20 | Create | Villager (Male) |
| 1:31 | Create | Villager (Male) |
| 1:31 | Create | Villager (Male) |
| 1:51 | Build | Lumber Camp |
| 2:01 | Create | Villager (Male) |
| 2:01 | Create | Villager (Male) |
| 2:18 | Create | Villager (Male) |
| 2:18 | Create | Villager (Male) |
| 2:18 | Create | Villager (Male) |
| 2:24 | Build | House |
| 2:55 | Create | Villager (Male) |
| 2:55 | Create | Villager (Male) |
| 2:55 | Create | Villager (Male) |
| 3:08 | Create | Villager (Male) |
| 3:08 | Create | Villager (Male) |
| 3:56 | Create | Villager (Male) |
| 3:57 | Create | Villager (Male) |
| 4:20 | Create | Villager (Male) |
| 4:22 | Build | Mill |
| 4:28 | Create | Villager (Male) |
| 4:28 | Create | Villager (Male) |
| 5:14 | Create | Villager (Male) |
| 5:15 | Create | Villager (Male) |
| 5:15 | Create | Villager (Male) |
| 5:46 | Build | House |
| 5:47 | Build | House |
| 5:48 | Build | House |
| 6:00 | Create | Villager (Male) |
| 6:13 | Build | Mill |
| 6:37 | Create | Villager (Male) |
| 6:51 | Create | Villager (Male) |
| 7:34 | Build | Mining Camp |
| 7:36 | Create | Villager (Male) |
| 8:05 | Build | Farm |
| 8:17 | Research | Feudal Age |
| 8:21 | Create | Villager (Male) |
| 8:28 | Create | Villager (Male) |
| 8:53 | Research | Feudal Age |
| 9:26 | Create | Villager (Male) |
| 9:26 | Create | Villager (Male) |
| 11:21 | Age | Feudal Age |
| 11:25 | Build | Market |
| 11:28 | Build | Blacksmith |
| 12:13 | Research | Castle Age |
| 12:13 | Research | Castle Age |
| 12:32 | Build | Farm |
| 12:43 | Research | Double-Bit Axe |
| 12:43 | Research | Double-Bit Axe |
| 12:54 | Build | Farm |
| 13:00 | Create | Villager (Male) |
| 13:27 | Build | Farm |
| 13:31 | Research | Horse Collar |
| 14:53 | Age | Castle Age |
| 14:57 | Build | Town Center |
| 15:07 | Build | Town Center |
| 15:11 | Research | Bow Saw |
| 15:12 | Create | Villager (Male) |
| 15:18 | Research | Heavy Plow |
| 15:19 | Research | Heavy Plow |
| 15:23 | Build | Farm |
| 15:26 | Build | Farm |
| 15:28 | Build | Farm |
| 15:34 | Build | Farm |
| 15:51 | Create | Villager (Male) |
| 15:51 | Create | Villager (Male) |
| 16:10 | Create | Villager (Male) |
| 16:11 | Create | Villager (Male) |
| 16:11 | Create | Villager (Male) |
| 16:14 | Build | Farm |
| 16:19 | Build | Farm |
| 16:34 | Create | Villager (Male) |
| 16:35 | Create | Villager (Male) |
| 16:41 | Build | Farm |
| 16:45 | Build | Farm |
| 16:47 | Build | Farm |
| 16:50 | Build | Farm |
| 16:51 | Create | Villager (Male) |
| 16:52 | Create | Villager (Male) |
| 16:55 | Build | Farm |
| 16:58 | Build | Farm |
| 17:01 | Build | Farm |
| 17:06 | Build | House |
| 17:07 | Build | House |
| 17:08 | Build | House |
| 17:15 | Build | Farm |
| 17:19 | Build | Farm |
| 17:20 | Create | Villager (Male) |
| 17:20 | Create | Villager (Male) |
| 17:29 | Build | Farm |
| 17:35 | Build | Farm |
| 17:37 | Create | Villager (Male) |
| 17:37 | Create | Villager (Male) |
| 17:43 | Build | Farm |
| 17:46 | Create | Villager (Male) |
| 17:46 | Create | Villager (Male) |
| 17:46 | Create | Villager (Male) |
| 17:52 | Build | Farm |
| 18:02 | Build | Farm |
| 18:03 | Create | Villager (Male) |
| 18:04 | Create | Villager (Male) |
| 18:14 | Build | Farm |
| 18:16 | Create | Villager (Male) |
| 18:16 | Create | Villager (Male) |
| 18:17 | Create | Villager (Male) |
| 18:21 | Build | House |
| 18:22 | Build | House |
| 18:23 | Build | House |
| 18:24 | Create | Villager (Male) |
| 18:25 | Create | Villager (Male) |
| 18:28 | Build | Farm |
| 18:30 | Create | Villager (Male) |
| 18:30 | Create | Villager (Male) |
| 18:42 | Build | Farm |
| 18:44 | Build | Farm |
| 18:45 | Create | Villager (Male) |
| 18:46 | Create | Villager (Male) |
| 18:46 | Create | Villager (Male) |
| 18:51 | Build | Farm |
| 18:52 | Create | Villager (Male) |
| 18:52 | Create | Villager (Male) |
| 18:54 | Create | Villager (Male) |
| 18:54 | Create | Villager (Male) |
| 19:08 | Build | Farm |
| 19:13 | Create | Villager (Male) |
| 19:13 | Create | Villager (Male) |
| 19:13 | Create | Villager (Male) |
| 19:14 | Create | Villager (Male) |
| 19:17 | Build | Farm |
| 19:23 | Build | Farm |
| 19:24 | Create | Villager (Male) |
| 19:35 | Research | Wheelbarrow |
| 19:35 | Research | Wheelbarrow |
| 19:41 | Create | Villager (Male) |
| 19:42 | Create | Villager (Male) |
| 19:42 | Create | Villager (Male) |
| 19:45 | Build | Farm |
| 19:46 | Create | Villager (Male) |
| 19:46 | Create | Villager (Male) |
| 19:58 | Create | Villager (Male) |
| 20:14 | Create | Villager (Male) |
| 20:18 | Build | Farm |
| 20:23 | Build | House |
| 20:25 | Build | House |
| 20:26 | Build | House |
Build order — Geber-EL
First 150 of 386 actions detected
| 0:01 | Create | Villager (Male) ×4 |
| 0:03 | Build | House |
| 0:04 | Build | House |
| 1:20 | Create | Villager (Male) |
| 1:20 | Create | Villager (Male) |
| 1:27 | Research | Loom |
| 1:37 | Create | Villager (Male) |
| 1:37 | Create | Villager (Male) |
| 2:10 | Build | Lumber Camp |
| 2:12 | Create | Villager (Male) |
| 2:13 | Create | Villager (Male) |
| 2:41 | Create | Villager (Male) |
| 2:42 | Create | Villager (Male) |
| 3:13 | Create | Villager (Male) |
| 3:13 | Create | Villager (Male) |
| 3:32 | Create | Villager (Male) |
| 3:32 | Create | Villager (Male) |
| 3:34 | Create | Villager (Male) |
| 3:34 | Create | Villager (Male) |
| 3:51 | Build | House |
| 3:52 | Build | House |
| 3:54 | Build | House |
| 4:25 | Create | Villager (Male) |
| 4:26 | Create | Villager (Male) |
| 4:42 | Create | Villager (Male) |
| 4:42 | Create | Villager (Male) |
| 5:04 | Create | Villager (Male) |
| 5:23 | Build | Mill |
| 5:42 | Create | Villager (Male) |
| 5:42 | Create | Villager (Male) |
| 5:44 | Create | Villager (Male) |
| 5:44 | Create | Villager (Male) |
| 5:44 | Create | Villager (Male) |
| 6:07 | Create | Villager (Male) |
| 6:07 | Create | Villager (Male) |
| 6:07 | Create | Villager (Male) |
| 6:08 | Create | Villager (Male) |
| 6:48 | Build | Mill |
| 8:01 | Research | Feudal Age |
| 8:13 | Build | Mining Camp |
| 8:28 | Build | Farm |
| 8:41 | Create | Villager (Male) |
| 8:41 | Create | Villager (Male) |
| 8:41 | Create | Villager (Male) |
| 8:42 | Create | Villager (Male) |
| 8:51 | Build | Farm |
| 9:41 | Create | Villager (Male) |
| 10:11 | Age | Feudal Age |
| 10:17 | Research | Double-Bit Axe |
| 10:28 | Build | Farm |
| 10:32 | Build | Farm |
| 10:37 | Build | Farm |
| 10:39 | Build | Farm |
| 10:44 | Build | Farm |
| 10:50 | Build | Farm |
| 10:52 | Create | Villager (Male) |
| 11:29 | Create | Villager (Male) |
| 11:30 | Create | Villager (Male) |
| 12:16 | Build | House |
| 12:51 | Research | Loom |
| 13:23 | Build | Stable |
| 13:29 | Research | Castle Age |
| 14:00 | Research | Bloodlines |
| 14:13 | Create | Scout Cavalry |
| 14:26 | Create | Scout Cavalry |
| 14:46 | Research | Horse Collar |
| 16:03 | Create | Villager (Male) |
| 16:04 | Create | Villager (Male) |
| 16:11 | Age | Castle Age |
| 16:14 | Build | Town Center |
| 16:18 | Research | Wheelbarrow |
| 16:52 | Build | Monastery |
| 16:57 | Create | Villager (Male) |
| 16:59 | Research | Bow Saw |
| 17:06 | Build | House |
| 17:34 | Build | Farm |
| 17:34 | Build | Farm |
| 17:34 | Build | Farm |
| 17:34 | Build | Farm |
| 17:35 | Build | Farm |
| 17:36 | Build | Farm |
| 17:39 | Create | Villager (Male) |
| 17:45 | Create | Villager (Male) |
| 17:50 | Create | Monk |
| 18:03 | Build | Town Center |
| 18:08 | Build | Farm |
| 18:17 | Build | Farm |
| 18:19 | Create | Villager (Male) |
| 18:20 | Create | Villager (Male) |
| 18:22 | Create | Villager (Male) |
| 18:27 | Build | Farm |
| 18:31 | Build | Farm |
| 18:50 | Research | Light Cavalry (upgrade) |
| 19:20 | Create | Knight |
| 19:38 | Create | Villager (Male) |
| 19:38 | Create | Villager (Male) |
| 19:39 | Create | Villager (Male) |
| 19:40 | Create | Villager (Male) |
| 19:41 | Create | Villager (Male) |
| 19:45 | Build | Farm |
| 19:45 | Build | Farm |
| 19:45 | Build | Farm |
| 19:45 | Build | Farm |
| 20:05 | Create | Monk |
| 20:21 | Create | Villager (Male) |
| 20:22 | Create | Villager (Male) |
| 20:23 | Create | Villager (Male) |
| 20:24 | Create | Villager (Male) |
| 20:32 | Build | Mining Camp |
| 20:43 | Create | Villager (Male) |
| 20:43 | Create | Villager (Male) |
| 21:05 | Create | Villager (Male) |
| 21:06 | Create | Villager (Male) |
| 21:07 | Create | Villager (Male) |
| 21:10 | Build | House |
| 21:16 | Create | Villager (Male) |
| 21:17 | Create | Villager (Male) |
| 21:17 | Create | Villager (Male) |
| 21:17 | Create | Villager (Male) |
| 21:22 | Build | House |
| 21:23 | Build | House |
| 21:33 | Build | House |
| 21:33 | Build | House |
| 21:33 | Build | House |
| 21:34 | Build | House |
| 21:34 | Build | House |
| 21:34 | Build | House |
| 21:35 | Build | House |
| 21:37 | Build | House |
| 22:03 | Create | Villager (Male) |
| 22:03 | Create | Villager (Male) |
| 22:03 | Create | Villager (Male) |
| 22:04 | Create | Villager (Male) |
| 22:15 | Build | Farm |
| 22:15 | Build | Farm |
| 22:15 | Build | Farm |
| 22:15 | Build | Farm |
| 22:16 | Build | Farm |
| 22:16 | Build | Farm |
| 22:26 | Research | Heavy Plow |
| 22:31 | Research | Hand Cart |
| 22:43 | Create | Villager (Male) |
| 22:43 | Create | Villager (Male) |
| 22:44 | Create | Villager (Male) |
| 22:44 | Create | Villager (Male) |
| 22:58 | Build | Siege Workshop |
| 23:04 | Create | Scout Cavalry |
| 23:05 | Create | Scout Cavalry |
| 23:13 | Create | Villager (Male) |
| 23:14 | Create | Villager (Male) |
Build order — EL SEÑOR PONY
First 150 of 296 actions detected
| 0:03 | Create | Villager (Male) |
| 0:04 | Build | House |
| 0:06 | Build | House |
| 0:19 | Create | Villager (Male) |
| 0:19 | Create | Villager (Male) |
| 0:20 | Create | Villager (Male) |
| 0:20 | Create | Villager (Male) |
| 1:39 | Create | Villager (Male) |
| 1:40 | Create | Villager (Male) |
| 2:24 | Create | Villager (Male) |
| 2:24 | Create | Villager (Male) |
| 2:24 | Create | Villager (Male) |
| 2:24 | Create | Villager (Male) |
| 2:51 | Create | Villager (Male) |
| 2:51 | Create | Villager (Male) |
| 3:05 | Create | Villager (Male) |
| 3:05 | Create | Villager (Male) |
| 3:19 | Build | House |
| 3:20 | Build | House |
| 3:35 | Create | Villager (Male) |
| 3:35 | Create | Villager (Male) |
| 3:55 | Create | Villager (Male) |
| 3:56 | Create | Villager (Male) |
| 4:21 | Build | Lumber Camp |
| 4:42 | Build | Lumber Camp |
| 4:45 | Create | Villager (Male) |
| 4:45 | Create | Villager (Male) |
| 5:27 | Create | Villager (Male) |
| 5:28 | Create | Villager (Male) |
| 5:28 | Create | Villager (Male) |
| 5:28 | Create | Villager (Male) |
| 6:01 | Build | Mill |
| 6:22 | Create | Villager (Male) |
| 6:22 | Create | Villager (Male) |
| 6:52 | Create | Villager (Male) |
| 6:52 | Create | Villager (Male) |
| 7:24 | Create | Villager (Male) |
| 7:24 | Create | Villager (Male) |
| 7:25 | Create | Villager (Male) |
| 7:43 | Create | Villager (Male) |
| 7:43 | Create | Villager (Male) |
| 7:53 | Create | Villager (Male) |
| 7:55 | Build | House |
| 8:07 | Build | Mill |
| 8:11 | Create | Villager (Male) |
| 8:42 | Build | House |
| 8:49 | Build | Mining Camp |
| 8:56 | Create | Villager (Male) |
| 9:19 | Create | Villager (Male) |
| 10:08 | Create | Villager (Male) |
| 10:42 | Build | Lumber Camp |
| 10:48 | Build | Lumber Camp |
| 10:55 | Research | Feudal Age |
| 10:56 | Research | Feudal Age |
| 10:57 | Research | Loom |
| 11:10 | Build | Farm |
| 11:11 | Build | Farm |
| 11:12 | Build | Farm |
| 11:51 | Build | Farm |
| 11:52 | Build | Farm |
| 11:53 | Build | Farm |
| 12:00 | Build | Farm |
| 12:14 | Build | Farm |
| 12:15 | Build | Farm |
| 12:32 | Build | Barracks |
| 12:53 | Create | Villager (Male) |
| 12:53 | Create | Villager (Male) |
| 13:02 | Build | Mining Camp |
| 13:05 | Age | Feudal Age |
| 13:09 | Research | Double-Bit Axe |
| 13:22 | Build | Market |
| 14:15 | Build | Mining Camp |
| 14:16 | Create | Spearman |
| 14:19 | Create | Villager (Male) |
| 14:32 | Build | Blacksmith |
| 14:37 | Create | Spearman |
| 15:13 | Create | Villager (Male) |
| 15:54 | Research | Castle Age |
| 16:25 | Build | Barracks |
| 16:28 | Research | Arson |
| 16:29 | Create | Militia |
| 16:29 | Create | Militia |
| 16:30 | Create | Militia |
| 16:33 | Build | Farm |
| 16:34 | Build | Farm |
| 16:35 | Build | Farm |
| 16:56 | Build | House |
| 16:57 | Build | House |
| 17:00 | Build | House |
| 17:05 | Build | Mining Camp |
| 17:17 | Create | Militia |
| 17:18 | Create | Militia |
| 18:07 | Create | Militia |
| 18:34 | Age | Castle Age |
| 18:37 | Create | Militia |
| 18:43 | Build | Siege Workshop |
| 18:48 | Create | Militia |
| 18:48 | Create | Militia |
| 18:53 | Create | Villager (Male) |
| 18:54 | Create | Villager (Male) |
| 18:56 | Research | Bow Saw |
| 19:36 | Create | Villager (Male) |
| 19:37 | Create | Villager (Male) |
| 19:46 | Build | Town Center |
| 20:10 | Research | Gold Mining |
| 20:12 | Create | Villager (Male) |
| 20:29 | Create | Villager (Male) |
| 20:57 | Create | Villager (Male) |
| 21:10 | Create | Militia |
| 21:11 | Create | Militia |
| 21:12 | Build | Farm |
| 21:25 | Create | Villager (Male) |
| 21:26 | Create | Villager (Male) |
| 21:35 | Create | Villager (Male) |
| 21:58 | Build | Castle |
| 22:30 | Create | Mangonel |
| 22:46 | Create | Villager (Male) |
| 22:49 | Build | Farm |
| 22:50 | Create | Villager (Male) |
| 22:51 | Create | Villager (Male) |
| 22:51 | Create | Villager (Male) |
| 23:13 | Build | Mining Camp |
| 23:43 | Create | Villager (Male) |
| 23:46 | Create | Villager (Male) |
| 23:46 | Create | Villager (Male) |
| 23:49 | Create | Villager (Male) |
| 23:56 | Build | Town Center |
| 24:04 | Create | Battering Ram |
| 24:09 | Build | Farm |
| 24:16 | Build | Farm |
| 24:18 | Create | Villager (Male) |
| 24:18 | Create | Villager (Male) |
| 24:23 | Build | Farm |
| 24:37 | Create | Battering Ram |
| 24:41 | Create | Militia |
| 24:42 | Create | Militia |
| 24:54 | Create | Villager (Male) |
| 24:58 | Build | Farm |
| 25:05 | Create | Villager (Male) |
| 25:12 | Create | Battering Ram |
| 25:28 | Research | Forging |
| 25:33 | Create | Villager (Male) |
| 25:34 | Create | Villager (Male) |
| 25:37 | Build | Farm |
| 25:38 | Build | Farm |
| 25:39 | Build | Farm |
| 26:11 | Create | Battering Ram |
| 26:20 | Research | Gambesons |
| 27:06 | Create | Mangonel |
| 28:40 | Create | Villager (Male) |
Build order — BúffaloTincho
First 150 of 306 actions detected
| 0:01 | Create | Villager (Male) |
| 0:01 | Create | Villager (Male) |
| 0:01 | Create | Villager (Male) |
| 0:02 | Create | Villager (Male) |
| 0:03 | Build | House |
| 0:05 | Build | House |
| 1:32 | Create | Villager (Male) |
| 1:33 | Create | Villager (Male) |
| 2:04 | Create | Villager (Male) |
| 2:04 | Create | Villager (Male) |
| 2:09 | Create | Villager (Male) |
| 2:52 | Create | Villager (Male) |
| 2:52 | Create | Villager (Male) |
| 3:37 | Create | Villager (Male) |
| 3:37 | Create | Villager (Male) |
| 3:37 | Create | Villager (Male) |
| 3:37 | Create | Villager (Male) |
| 4:46 | Create | Villager (Male) |
| 4:46 | Create | Villager (Male) |
| 4:46 | Create | Villager (Male) |
| 4:47 | Create | Villager (Male) |
| 4:47 | Create | Villager (Male) |
| 4:47 | Create | Villager (Male) |
| 4:53 | Build | House |
| 5:03 | Research | Loom |
| 5:03 | Research | Loom |
| 5:04 | Create | Villager (Male) |
| 5:04 | Create | Villager (Male) |
| 5:36 | Create | Villager (Male) |
| 5:36 | Create | Villager (Male) |
| 6:00 | Build | Lumber Camp |
| 6:08 | Build | Mill |
| 6:11 | Create | Villager (Male) |
| 6:12 | Create | Villager (Male) |
| 6:25 | Build | House |
| 6:48 | Create | Villager (Male) |
| 7:16 | Create | Villager (Male) |
| 7:17 | Create | Villager (Male) |
| 8:15 | Create | Villager (Male) |
| 8:36 | Build | Mill |
| 8:54 | Build | Mining Camp |
| 9:12 | Research | Feudal Age |
| 9:21 | Build | House |
| 9:56 | Create | Villager (Male) |
| 9:56 | Create | Villager (Male) |
| 9:56 | Create | Villager (Male) |
| 11:48 | Age | Feudal Age |
| 11:52 | Build | Market |
| 12:00 | Build | Blacksmith |
| 12:34 | Build | Mining Camp |
| 12:58 | Research | Castle Age |
| 13:18 | Build | Farm |
| 13:42 | Research | Double-Bit Axe |
| 13:49 | Build | Farm |
| 13:49 | Build | Farm |
| 13:50 | Build | Farm |
| 13:50 | Build | Farm |
| 13:50 | Build | Farm |
| 13:50 | Build | Farm |
| 14:02 | Build | House |
| 14:22 | Build | Farm |
| 14:25 | Build | Farm |
| 15:23 | Create | Villager (Male) |
| 15:24 | Create | Villager (Male) |
| 15:35 | Create | Villager (Male) |
| 15:43 | Age | Castle Age |
| 15:49 | Build | Town Center |
| 16:31 | Build | Farm |
| 16:39 | Create | Villager (Male) |
| 16:40 | Create | Villager (Male) |
| 16:49 | Build | Farm |
| 17:03 | Create | Villager (Male) |
| 17:03 | Create | Villager (Male) |
| 17:03 | Create | Villager (Male) |
| 17:04 | Create | Villager (Male) |
| 17:21 | Build | Farm |
| 17:25 | Build | Farm |
| 17:27 | Create | Villager (Male) |
| 17:28 | Create | Villager (Male) |
| 17:40 | Create | Villager (Male) |
| 17:40 | Create | Villager (Male) |
| 18:03 | Build | Castle |
| 18:06 | Build | Mining Camp |
| 18:14 | Create | Villager (Male) |
| 18:14 | Create | Villager (Male) |
| 18:14 | Create | Villager (Male) |
| 18:15 | Create | Villager (Male) |
| 18:33 | Build | House |
| 18:34 | Build | House |
| 18:38 | Research | Horse Collar |
| 18:40 | Create | Villager (Male) |
| 18:41 | Create | Villager (Male) |
| 19:04 | Build | House |
| 19:38 | Build | House |
| 19:41 | Build | House |
| 19:44 | Build | House |
| 19:51 | Build | House |
| 19:57 | Create | Villager (Male) |
| 19:58 | Create | Villager (Male) |
| 19:59 | Create | Villager (Male) |
| 19:59 | Create | Villager (Male) |
| 20:00 | Create | Villager (Male) |
| 20:22 | Create | Villager (Male) |
| 20:22 | Create | Villager (Male) |
| 20:22 | Create | Villager (Male) |
| 20:23 | Create | Villager (Male) |
| 20:40 | Research | Fletching |
| 20:47 | Build | Barracks |
| 20:59 | Build | Mill |
| 21:00 | Build | Farm |
| 21:00 | Build | Farm |
| 21:00 | Build | Farm |
| 21:01 | Build | Farm |
| 21:01 | Build | Farm |
| 21:01 | Build | Farm |
| 21:04 | Build | Farm |
| 21:07 | Create | Villager (Male) |
| 21:07 | Create | Villager (Male) |
| 21:08 | Create | Villager (Male) |
| 21:19 | Build | Town Center |
| 21:24 | Create | Berserk |
| 21:25 | Create | Berserk |
| 21:27 | Create | Spearman |
| 21:28 | Create | Spearman |
| 21:46 | Build | University |
| 21:49 | Create | Berserk |
| 21:49 | Create | Berserk |
| 22:16 | Create | Villager (Male) |
| 22:17 | Create | Villager (Male) |
| 22:17 | Create | Villager (Male) |
| 22:18 | Create | Villager (Male) |
| 22:21 | Build | Farm |
| 22:30 | Build | Farm |
| 22:31 | Build | Farm |
| 22:31 | Build | Farm |
| 22:31 | Build | Farm |
| 22:31 | Build | Farm |
| 22:43 | Create | Berserk |
| 22:43 | Create | Berserk |
| 22:43 | Create | Berserk |
| 22:43 | Create | Berserk |
| 22:50 | Create | Villager (Male) |
| 22:50 | Create | Villager (Male) |
| 23:11 | Build | Farm |
| 23:27 | Build | Siege Workshop |
| 23:31 | Research | Squires |
| 23:32 | Create | Berserk |
| 23:32 | Create | Berserk |
| 23:32 | Create | Berserk |
| 23:41 | Research | Scale Mail Armor |
Build order — 來一杯玫瑰舒暢
First 150 of 396 actions detected
| 0:06 | Build | House |
| 0:13 | Build | House |
| 0:14 | Create | Villager (Male) |
| 0:15 | Create | Villager (Male) |
| 0:15 | Create | Villager (Male) |
| 0:15 | Create | Villager (Male) |
| 0:15 | Create | Villager (Male) |
| 1:37 | Create | Villager (Male) |
| 1:37 | Create | Villager (Male) |
| 2:36 | Create | Villager (Male) |
| 2:37 | Create | Villager (Male) |
| 2:57 | Create | Villager (Male) |
| 2:57 | Create | Villager (Male) |
| 3:21 | Build | Mining Camp |
| 3:31 | Create | Villager (Male) |
| 3:31 | Create | Villager (Male) |
| 3:32 | Create | Villager (Male) |
| 3:32 | Create | Villager (Male) |
| 3:51 | Build | House |
| 4:25 | Create | Villager (Male) |
| 4:25 | Create | Villager (Male) |
| 4:56 | Create | Villager (Male) |
| 4:57 | Create | Villager (Male) |
| 4:57 | Create | Villager (Male) |
| 4:57 | Create | Villager (Male) |
| 4:58 | Create | Villager (Male) |
| 5:50 | Build | Lumber Camp |
| 5:56 | Build | House |
| 6:01 | Create | Villager (Male) |
| 6:02 | Create | Villager (Male) |
| 6:35 | Create | Villager (Male) |
| 6:35 | Create | Villager (Male) |
| 6:35 | Create | Villager (Male) |
| 6:36 | Create | Villager (Male) |
| 7:23 | Build | Mill |
| 7:31 | Create | Villager (Male) |
| 7:58 | Build | Mill |
| 8:32 | Create | Villager (Male) |
| 8:33 | Create | Villager (Male) |
| 8:52 | Research | Loom |
| 9:49 | Build | Mill |
| 10:06 | Research | Feudal Age |
| 10:40 | Build | House |
| 11:40 | Create | Villager (Male) |
| 11:40 | Create | Villager (Male) |
| 12:16 | Age | Feudal Age |
| 12:20 | Build | Blacksmith |
| 12:40 | Build | Market |
| 13:01 | Create | Villager (Male) |
| 13:09 | Build | House |
| 13:32 | Create | Villager (Male) |
| 13:45 | Build | Farm |
| 13:49 | Build | Farm |
| 13:53 | Build | Farm |
| 13:57 | Build | Farm |
| 14:01 | Build | Farm |
| 14:03 | Research | Castle Age |
| 14:24 | Build | Mining Camp |
| 14:59 | Build | Lumber Camp |
| 15:02 | Create | Villager (Male) |
| 15:33 | Build | House |
| 15:35 | Build | House |
| 15:41 | Build | Barracks |
| 15:48 | Research | Double-Bit Axe |
| 15:48 | Research | Double-Bit Axe |
| 15:56 | Research | Horse Collar |
| 15:56 | Research | Horse Collar |
| 16:43 | Age | Castle Age |
| 16:49 | Build | Farm |
| 17:27 | Build | Town Center |
| 17:32 | Research | Bow Saw |
| 17:32 | Research | Bow Saw |
| 17:37 | Build | Farm |
| 17:38 | Create | Villager (Male) |
| 17:39 | Create | Villager (Male) |
| 17:53 | Create | Villager (Male) |
| 17:53 | Create | Villager (Male) |
| 17:58 | Build | House |
| 17:59 | Build | House |
| 18:01 | Build | House |
| 18:02 | Build | House |
| 18:29 | Create | Villager (Male) |
| 19:19 | Build | Town Center |
| 19:21 | Create | Villager (Male) |
| 19:22 | Create | Villager (Male) |
| 19:23 | Research | Wheelbarrow |
| 19:24 | Create | Villager (Male) |
| 19:25 | Create | Villager (Male) |
| 19:25 | Create | Villager (Male) |
| 19:25 | Create | Villager (Male) |
| 19:45 | Build | Archery Range |
| 19:49 | Create | Villager (Male) |
| 19:59 | Build | Farm |
| 20:16 | Build | Farm |
| 20:42 | Create | Villager (Male) |
| 20:42 | Create | Villager (Male) |
| 20:48 | Build | Farm |
| 20:55 | Build | University |
| 20:58 | Create | Villager (Male) |
| 20:58 | Create | Villager (Male) |
| 21:10 | Build | House |
| 21:12 | Build | House |
| 21:14 | Create | Villager (Male) |
| 21:14 | Create | Villager (Male) |
| 21:18 | Build | Farm |
| 21:19 | Research | Heavy Plow |
| 21:29 | Create | Villager (Male) |
| 21:29 | Create | Villager (Male) |
| 21:40 | Create | Villager (Male) |
| 21:41 | Create | Villager (Male) |
| 21:41 | Create | Villager (Male) |
| 21:47 | Build | Farm |
| 21:53 | Build | Farm |
| 22:01 | Build | Farm |
| 22:11 | Build | Mining Camp |
| 22:15 | Create | Villager (Male) |
| 22:15 | Create | Villager (Male) |
| 22:36 | Build | House |
| 22:38 | Build | House |
| 22:40 | Build | House |
| 22:42 | Build | House |
| 22:49 | Create | Villager (Male) |
| 22:49 | Create | Villager (Male) |
| 22:49 | Create | Villager (Male) |
| 22:53 | Build | Farm |
| 22:54 | Build | Farm |
| 22:54 | Build | Farm |
| 22:54 | Build | Farm |
| 22:54 | Build | Farm |
| 22:55 | Build | Farm |
| 22:55 | Build | Farm |
| 22:58 | Create | Villager (Male) |
| 22:58 | Create | Villager (Male) |
| 23:11 | Research | Treadmill Crane |
| 23:25 | Build | Farm |
| 23:28 | Create | Villager (Male) |
| 23:28 | Create | Villager (Male) |
| 23:30 | Create | Villager (Male) |
| 23:33 | Create | Villager (Male) |
| 23:34 | Create | Villager (Male) |
| 23:39 | Build | Farm |
| 23:45 | Create | Villager (Male) |
| 23:45 | Create | Villager (Male) |
| 23:55 | Build | Town Center |
| 24:00 | Create | Villager (Male) |
| 24:00 | Create | Villager (Male) |
| 24:05 | Build | House |
| 24:07 | Build | House |
| 24:08 | Build | House |
| 24:26 | Build | Castle |
Match timeline
| 10:06 | KIO · age_up feudal |
| 10:11 | Geber-EL · age_up feudal |
| 10:32 | yougetcs · age_up feudal |
| 11:21 | Krups23 · age_up feudal |
| 11:46 | ChristisKing · age_up feudal |
| 11:48 | BúffaloTincho · age_up feudal |
| 12:16 | 來一杯玫瑰舒暢 · age_up feudal |
| 12:32 | EL SEÑOR PONY · first_building Barracks |
| 13:05 | EL SEÑOR PONY · age_up feudal |
| 13:23 | Geber-EL · first_building Stable |
| 14:11 | KIO · age_up castle |
| 14:20 | yougetcs · age_up castle |
| 14:53 | Krups23 · age_up castle |
| 15:37 | ChristisKing · first_building Barracks |
| 15:41 | 來一杯玫瑰舒暢 · first_building Barracks |
| 15:43 | BúffaloTincho · age_up castle |
| 15:46 | yougetcs · first_building Castle |
| 15:49 | KIO · first_market_buy 100 food |
| 16:11 | Geber-EL · age_up castle |
| 16:24 | Krups23 · first_market_buy 100 food |
| 16:41 | KIO · first_building Monastery |
| 16:43 | 來一杯玫瑰舒暢 · age_up castle |
| 16:52 | Geber-EL · first_building Monastery |
| 17:14 | 來一杯玫瑰舒暢 · first_market_buy 100 wood |
| 18:03 | BúffaloTincho · first_building Castle |
| 18:26 | ChristisKing · age_up castle |
| 18:34 | EL SEÑOR PONY · age_up castle |
| 18:35 | ChristisKing · first_building Castle |
| 18:43 | EL SEÑOR PONY · first_building Siege Workshop |
| 19:22 | ChristisKing · first_building Stable |
| 19:45 | 來一杯玫瑰舒暢 · first_building Archery Range |
| 20:19 | EL SEÑOR PONY · first_market_sell 100 wood |
| 20:47 | BúffaloTincho · first_building Barracks |
| 21:14 | BúffaloTincho · first_market_buy 100 stone |
| 21:58 | EL SEÑOR PONY · first_building Castle |
| 22:53 | Krups23 · first_building Monastery |
| 22:58 | Geber-EL · first_building Siege Workshop |
| 23:00 | ChristisKing · first_building Siege Workshop |
| 23:19 | yougetcs · first_building Siege Workshop |
| 23:27 | BúffaloTincho · first_building Siege Workshop |
| 23:46 | KIO · first_building Barracks |
| 24:26 | 來一杯玫瑰舒暢 · first_building Castle |
| 24:39 | Krups23 · first_building Barracks |
| 25:35 | Krups23 · first_building Stable |
| 26:12 | KIO · first_building Castle |
| 26:27 | KIO · first_building Stable |
| 27:46 | Krups23 · age_up imperial |
| 27:58 | Krups23 · first_market_sell 100 wood |
| 28:19 | 來一杯玫瑰舒暢 · first_market_sell 100 wood |
| 28:33 | KIO · age_up imperial |
| 28:42 | Krups23 · first_building Siege Workshop |
| 29:36 | KIO · first_market_sell 100 wood |
| 30:50 | 來一杯玫瑰舒暢 · first_building Stable |
| 31:38 | BúffaloTincho · first_market_sell 100 food |
| 32:24 | yougetcs · first_building Monastery |
| 32:30 | 來一杯玫瑰舒暢 · first_building Siege Workshop |
| 33:05 | 來一杯玫瑰舒暢 · age_up imperial |
| 33:07 | yougetcs · first_market_buy 100 food |
| 33:23 | EL SEÑOR PONY · first_building Monastery |
| 33:53 | Krups23 · first_building Castle |
| 34:02 | Geber-EL · age_up imperial |
| 34:19 | EL SEÑOR PONY · wall_segment Stone Wall x4 |
| 34:33 | Geber-EL · first_building Castle |
| 34:51 | BúffaloTincho · age_up imperial |
| 34:55 | ChristisKing · first_market_buy 100 stone |
| 35:31 | EL SEÑOR PONY · first_building Archery Range |
| 36:20 | yougetcs · age_up imperial |
| 37:09 | yougetcs · first_market_sell 100 wood |
| 38:29 | yougetcs · wall_segment Stone Wall x10 |
| 39:23 | Krups23 · first_building Archery Range |
| 40:59 | EL SEÑOR PONY · resign |
[ AI ANALYSIS · 1 CREDIT ]
What really happened in this match?
Wolo.gg analyzes every decision: build order, eco, micro, common mistakes by bracket. Personalized analysis on WhatsApp or Discord in 30 seconds.
Civ guide
Britons
Map guide
Arena
Perfil
yougetcs